 Dungeon Crawl Stone Soup version 0.18.1-48-g4cf74bf (webtiles) character file.

217 Alarkh the Slasher (level 5, -2/38 HPs)
             Began as a Vampire Skald on Sept 11, 2016.
             Slain by a hellwing (5 damage)
             ... summoned by Xom
             ... on level 4 of the Dungeon.
             The game lasted 00:03:37 (2828 turns).

Alarkh the Slasher (Vampire Skald)                  Turns: 2828, Time: 00:03:38

Health: -2/38      AC:  4    Str: 11    XL:     5   Next: 62%
Magic:  8/8        EV: 12    Int: 16    God:
Gold:   163        SH:  0    Dex: 13    Spells: 2 memorised, 5 levels left

rFire  . . .     SeeInvis +     a - +0 falchion
rCold  + . .     Gourm    .     k - +1 robe {MR+}
rNeg   + + .     Faith    .     (no shield)
rPois  +         Spirit   .     (no helmet)
rElec  .         Dismiss  .     g - +0 cloak
rCorr  .         Reflect  .     (no gloves)
SustAt .         Harm     .     (no boots)
MR     +....                    (no amulet)
Stlth  +.........               (no ring)
                                (no ring)

@: confused, regenerating slowly, somewhat resistant to hostile enchantments,
very unstealthy
A: fangs 3, see invisible, unbreathing
a: Bat Form


You were on level 4 of the Dungeon.
You were thirsty.

You visited 1 branch of the dungeon, and saw 4 of its levels.

You collected 163 gold pieces.

Inventory:

Hand Weapons
 a - a +0 falchion (weapon)
Armour
 b - a +0 leather armour
 g - a +0 cloak (worn)
 k - a +1 robe of magic resistance (worn)
 m - a +1 chain mail of cold resistance
Wands
 p - a wand of hasting (3/9)
Scrolls
 e - 2 scrolls of identify
 f - a scroll of amnesia
 h - a scroll of random uselessness
 n - 2 scrolls of remove curse {unknown}
 o - a scroll of teleportation {unknown}
 r - a scroll of enchant armour {unknown}
Potions
 d - 12 potions of blood
 i - a potion of heal wounds
 j - a potion of brilliance
 l - 2 potions of cancellation {unknown}
 q - a potion of lignification {unknown}
Books
 c - a book of Battle

   Spells                             Type                      Level
   a - Infusion                       Charms                       1
   b - Shroud of Golubria             Charms/Translocation         2
   c - Song of Slaying                Charms                       2
   d - Spectral Weapon                Hexes/Charms                 3
   e - Regeneration                   Charms/Necromancy            3


   Skills:
 - Level 1.7 Fighting
 + Level 6.0 Long Blades
 - Level 0.7 Armour
 - Level 1.1 Dodging
 - Level 2.0 Spellcasting
 - Level 3.2 Charms


You had 5 spell levels left.
You knew the following spells:

 Your Spells              Type           Power        Failure   Level  Hunger
a - Infusion              Chrm           ##..         8%          1    #......
b - Shroud of Golubria    Chrm/Tloc      #.........   17%         2    ###....


Dungeon Overview and Level Annotations

Branches:
Dungeon (4/15)
 Temple: D:4-7

Altars:
Dithmenos
Makhleb
Xom


Innate Abilities, Weirdness & Mutations

You heal slowly.
You have razor-sharp teeth.
You have supernaturally acute eyesight.
You can survive without breathing.


Message History

There is a stone staircase leading up here.
e - 2 scrolls of identify (gained 1)
You start resting. "Let's see if it's strong enough to survive yet."
The divine experience confuses you!
You are confused.
You bump into the stone wall.
You bump into the closed door.
The quasit bites you but does no damage.
The quasit barely misses you. The quasit closely misses you.
The crimson imp blinks!
The hellwing hits you!
* * * LOW HITPOINT WARNING * * *
The hellwing closely misses you. The ynoxinul closely misses you.
You closely miss the neqoxec. The quasit barely misses you.
The quasit claws you but does no damage.
The quasit claws you.
* * * LOW HITPOINT WARNING * * *
The ynoxinul barely misses you. The hellwing hits you.
* * * LOW HITPOINT WARNING * * *
The hellwing hits you.
You die...

######
##.533+
##..55@####
#....5545.#
#...5555.[#
#.........#
#.....<...#
#.........#
#.....(..5#
#.........#
#.........#


You could see a hellwing, a neqoxec, a ynoxinul, an iron imp, 4 quasits, 2
crimson imps, a white imp, 2 shadow imps and an ufetubus.

Vanquished Creatures
  A hound (D:2)
  An orc wizard (D:3)
  Jessica (D:2)
  Terence (D:2)
  6 adders
  A worm (D:3)
  3 dart slugs
  A giant gecko (D:3)
  2 giant cockroaches
  5 goblins
  7 hobgoblins
  3 quokkas
  5 bats
  3 giant newts
  3 kobolds
  8 rats
51 creatures vanquished.

Notes
Turn   | Place    | Note
--------------------------------------------------------------
     0 | D:1      | Alarkh the Vampire Skald began the quest for the Orb.
     0 | D:1      | Reached XP level 1. HP: 16/16 MP: 3/3
   353 | D:1      | Found a shimmering altar of Xom.
   527 | D:1      | Reached XP level 2. HP: 17/22 MP: 3/5
   850 | D:2      | Reached skill level 3 in Long Blades
   871 | D:2      | Noticed Terence
   952 | D:1      | Learned a level 2 spell: Shroud of Golubria
  1081 | D:2      | Noticed Jessica
  1092 | D:2      | Killed Jessica
  1092 | D:2      | Reached skill level 4 in Long Blades
  1092 | D:2      | Reached XP level 3. HP: 18/27 MP: 3/6
  1474 | D:2      | Killed Terence
  1474 | D:2      | Reached XP level 4. HP: 9/33 MP: 5/7
  1816 | D:2      | Reached skill level 5 in Long Blades
  1950 | D:2      | Found a burning altar of Makhleb.
  1955 | D:2      | Reached XP level 5. HP: 38/38 MP: 3/8
  2417 | D:3      | Found a shadowy altar of Dithmenos.
  2420 | D:3      | Found a faded altar to an unknown god.
  2727 | D:3      | Became a worshipper of Xom the Capricious
  2727 | D:3      | Fell from the grace of Xom
  2747 | D:3      | Reached skill level 6 in Long Blades
  2825 | D:4      | XOM: summons 14 hostile demons
  2826 | D:4      | Noticed a ynoxinul
  2826 | D:4      | Noticed a neqoxec
  2826 | D:4      | Noticed a hellwing
  2828 | D:4      | Slain by a hellwing

Skill      XL: |  1  2  3  4  5 |
---------------+----------------+-----
Long Blades    | 4 5 6 |  6.0
Fighting       | |  1.7
Armour         | |  0.7
Dodging        | |  1.1
Spellcasting   | |  2.0
Charms         | |  3.2

Action                   |  1- 3 |  4- 6 || total
-------------------------+-------+-------++-------
Melee: Falchion          |    68 |    89 ||   157
       Bite              |     6 |     5 ||    11
 Cast: Infusion          |     5 |    14 ||    19
Invok: Renounce Religion |       |     1 ||     1
  Use: Scroll            |     3 |     2 ||     5
       Potion            |       |     4 ||     4
 Stab: Sleeping          |     1 |       ||     1
Armor: Leather armour    |    18 |       ||    18
       Robe              |     1 |    19 ||    20
Dodge: Dodged            |    40 |    54 ||    94
